Rangers vs Senators

Created - October 19 2011 at 18:30

Goals
1 2 3 T
Rangers 0 0 0 0
Senators 4 2 1 7
Shots
1 2 3 T
Rangers 10 5 5 20
Senators 20 13 9 42

Period #1

1. Senators , Derek Morris 1 (Jason Spezza, Dion Phaneuf) at 2:37
2. Senators , Jamie Benn 3 (Claude Giroux, Sidney Crosby) at 11:54
3. Senators , Sidney Crosby 6 (Jamie Benn) at 15:40 (PP)
4. Senators , Dion Phaneuf 2 (Claude Giroux, Jason Spezza) at 19:23 (PP)

Penalties :
Niklas Backstrom (NYR) for Slashing (Minor) at 0:31 - Mikko Koivu served the penalty., Jan Hejda (OTT) for Boarding (Minor) at 3:54, Ruslan Salei (OTT) for Tripping (Minor) at 7:25, Ian White (NYR) for Hooking (Minor) at 13:32, Francis Bouillon (NYR) for Holding (Minor) at 15:36, Dion Phaneuf (OTT) for Roughing (Minor) at 15:54, Nikolai Zherdev (NYR) for Elbowing (Minor) at 18:37

Period #2

5. Senators , Sidney Crosby 7 (Nicklas Lidstrom, Jamie Benn) at 4:23 (PP)
6. Senators , Ryan Kesler 2 (Claude Giroux) at 5:34

Penalties :
Jay Bouwmeester (NYR) for Holding (Minor) at 2:52, Francis Bouillon (NYR) for Holding (Minor) at 2:57, Francis Bouillon (NYR) for Interference (Minor) at 8:55, Derek Morris (OTT) for Tripping (Minor) at 14:40, Guillaume Latendresse (NYR) for Tripping (Minor) at 16:41, Dion Phaneuf (OTT) for Roughing (Minor) at 19:46

Period #3

7. Senators , Jason Spezza 2 (Claude Giroux, John-Michael Liles) at 3:49 (PP)

Penalties :
Keith Ballard (NYR) for Roughing (Minor) at 2:02, Ryan Kesler (OTT) for Slashing (Minor) at 7:03, Mike Weaver (NYR) for Hooking (Minor) at 11:47, Francis Bouillon (NYR) for Holding (Minor) at 12:14, Scott Gomez (NYR) for Hooking (Minor) at 17:31

Goalie Stats

Andrew Raycroft (NYR), 20 saves from 23 shots - (0.870), 40:37 minutes
Niklas Backstrom (NYR), 15 saves from 19 shots - (0.789), L, 4-2-0, 19:23 minutes
Carey Price (OTT), 20 saves from 20 shots - (1.000), W, 3-1-1, 60:00 minutes

Players Stats

Rangers
Player Name              G  A  P  +/- PIM S  H  SB FO    MP 
------------------------------------------------------------
Andrei Kostitsyn         0  0  0   0  0   2  0  0  1/1   7  
Dan Cleary               0  0  0  -1  0   4  0  0  0/2   19 
Francis Bouillon         0  0  0  -1  8   0  2  0  0/0   15 
Guillaume Latendresse    0  0  0  -1  2   1  1  0  0/0   9  
Henrik Sedin             0  0  0   0  0   1  1  0  18/32 21 
Ian White                0  0  0  -1  2   1  0  1  0/0   21 
Jay Bouwmeester          0  0  0  -1  2   0  2  1  0/0   24 
Keith Ballard            0  0  0  -1  2   0  0  0  0/0   16 
Lubomir Visnovsky        0  0  0  -1  0   3  1  1  0/0   23 
Mark Recchi              0  0  0  -1  0   0  1  0  1/1   15 
Mike Cammalleri          0  0  0  -1  0   0  1  0  1/4   17 
Mike Weaver              0  0  0  -1  2   0  1  4  0/0   20 
Mikko Koivu              0  0  0  -1  0   1  0  0  9/27  19 
Nikolai Kulemin          0  0  0   0  0   4  1  0  0/0   13 
Nikolai Zherdev          0  0  0  -1  2   1  0  0  0/1   9  
Ryan Jones               0  0  0  -1  0   1  0  0  0/0   4  
Scott Gomez              0  0  0  -1  2   1  0  0  9/21  17 
Tom Pyatt                0  0  0  -1  0   0  1  1  3/6   11 
Senators
Player Name              G  A  P  +/- PIM S  H  SB FO    MP 
------------------------------------------------------------
Ales Hemsky              0  0  0   0  0   4  1  0  0/1   17 
Claude Giroux            0  4  4   2  0   1  2  0  3/5   18 
Daniel Alfredsson        0  0  0   0  0   2  1  0  1/3   11 
Derek Morris             1  0  1   1  2   1  1  2  0/0   19 
Dion Phaneuf             1  1  2   1  4   3  3  0  0/0   22 
Jamie Benn               1  2  3   1  0   4  3  0  2/3   18 
Jan Hejda                0  0  0   1  2   0  0  0  0/0   21 
Jason Spezza             1  2  3   1  0   7  0  0  15/27 20 
Jesse Winchester         0  0  0   0  0   0  0  0  4/8   6  
John-Michael Liles       0  1  1   1  0   2  0  0  0/0   22 
Nick Foligno             0  0  0   0  0   1  2  0  2/3   14 
Nicklas Lidstrom         0  1  1   1  0   2  0  0  0/0   19 
Nikita Filatov           0  0  0   1  0   0  0  0  0/0   8  
Patrick Eaves            0  0  0   1  0   2  0  0  0/0   14 
Peter Regin              0  0  0   1  0   0  0  0  0/1   9  
Ruslan Salei             0  0  0   1  2   1  2  1  0/0   17 
Ryan Kesler              1  0  1   1  2   3  2  0  9/19  16 
Sidney Crosby            2  1  3   1  0   9  0  0  17/25 19 

3 Stars

1 - Claude Giroux (OTT)
2 - Sidney Crosby (OTT)
3 - Jamie Benn (OTT)

Power Play

Rangers - 0 on 6 Attempt(s) - 0.00%
Senators - 4 on 12 Attempt(s) - 33.33%

Penalty Kill

Rangers - 8 on 12 Attempt(s) - 66.67% - Score 0 goal in Penalty Kill
Senators - 6 on 6 Attempt(s) - 100.00% - Score 0 goal in Penalty Kill

Game Notes

Andrew Raycroft enters game at 19:23 of 1st period

Finance

Level 1 -- Attendance: 4774 (73.45%) -- Ticket Income $477,400.00
Level 2 -- Attendance: 3710 (74.20%) -- Ticket Income $222,600.00
Level 3 -- Attendance: 2596 (74.17%) -- Ticket Income $90,860.00
Level 4 -- Attendance: 1319 (41.83%) -- Ticket Income $39,570.00
Luxury Box -- Attendance: 590 (59.00%) -- Ticket Income $147,500.00
Game was played at the Scotiabank Place
Total Attendance: 12989 (67.82%)
Total Ticket Income: $1,064,177.00
Other Income: $223,353.60
Total Income: $1,287,531.00


Play by Play

Period #1

0:01 of 1st period - Sidney Crosby wins face-off versus Henrik Sedin in neutral zone.
0:17 of 1st period - Icing by Jan Hejda.
0:18 of 1st period - Sidney Crosby wins face-off versus Mikko Koivu in Senators zone.
0:25 of 1st period - Shot by Sidney Crosby.
0:25 of 1st period - Shot Blocked by Mike Weaver.
0:27 of 1st period - Shot by Nicklas Lidstrom.
0:27 of 1st period - Shot Misses the Net.
0:29 of 1st period - Shot by Nicklas Lidstrom.
0:29 of 1st period - Shot Blocked by Ian White.
0:31 of 1st period - Shot by Sidney Crosby.
0:31 of 1st period - Deflect By Claude Giroux.
0:31 of 1st period - Stopped by Niklas Backstrom without a rebound.
0:31 of 1st period - Minor Penalty to Niklas Backstrom for Slashing.
0:32 of 1st period - Jason Spezza wins face-off versus Scott Gomez in Rangers zone.
1:05 of 1st period - Shot by Dion Phaneuf.
1:05 of 1st period - Stopped by Niklas Backstrom with a rebound.
2:07 of 1st period - Shot by Sidney Crosby.
2:07 of 1st period - Shot Misses the Net.
2:37 of 1st period - Shot by Derek Morris.
2:37 of 1st period - Goal by Derek Morris - Rangers : 0 - Senators : 1.
2:38 of 1st period - Jason Spezza wins face-off versus Mikko Koivu in neutral zone.
2:43 of 1st period - Shot by Jason Spezza.
2:43 of 1st period - Stopped by Niklas Backstrom without a rebound.
2:44 of 1st period - Jason Spezza wins face-off versus Henrik Sedin in Rangers zone.
3:03 of 1st period - Shot by Henrik Sedin.
3:03 of 1st period - Shot Blocked by Derek Morris.
3:05 of 1st period - Shot by Nikolai Kulemin.
3:05 of 1st period - Shot Misses the Net.
3:09 of 1st period - Shot by Lubomir Visnovsky.
3:09 of 1st period - Shot Misses the Net.
3:11 of 1st period - Shot by Lubomir Visnovsky.
3:11 of 1st period - Shot Misses the Net.
3:13 of 1st period - Shot by Lubomir Visnovsky.
3:13 of 1st period - Shot Blocked by Ruslan Salei.
3:15 of 1st period - Shot by Nikolai Kulemin.
3:15 of 1st period - Stopped by Carey Price without a rebound.
3:16 of 1st period - Ryan Kesler wins face-off versus Mike Cammalleri in Senators zone.
3:38 of 1st period - Dan Cleary is hit by Dion Phaneuf and loses puck.
3:45 of 1st period - Shot by Mikko Koivu.
3:45 of 1st period - Stopped by Carey Price without a rebound.
3:46 of 1st period - Jamie Benn wins face-off versus Scott Gomez in Senators zone.
3:54 of 1st period - Minor Penalty to Jan Hejda for Boarding.
3:55 of 1st period - Jesse Winchester wins face-off versus Henrik Sedin in Senators zone.
4:20 of 1st period - Off-side.
4:21 of 1st period - Mikko Koivu wins face-off versus Jesse Winchester in neutral zone.
4:57 of 1st period - Icing by Jay Bouwmeester.
4:58 of 1st period - Jesse Winchester wins face-off versus Mikko Koivu in Rangers zone.
5:13 of 1st period - Icing by Jay Bouwmeester.
5:14 of 1st period - Ryan Kesler wins face-off versus Mikko Koivu in Rangers zone.
6:00 of 1st period - Shot by Sidney Crosby.
6:00 of 1st period - Stopped by Niklas Backstrom with a rebound.
6:33 of 1st period - Icing by Keith Ballard.
6:34 of 1st period - Jason Spezza wins face-off versus Scott Gomez in Rangers zone.
6:49 of 1st period - Shot by Jason Spezza.
6:49 of 1st period - Shot Misses the Net.
7:25 of 1st period - Minor Penalty to Ruslan Salei for Tripping.
7:26 of 1st period - Mikko Koivu wins face-off versus Ryan Kesler in Senators zone.
7:27 of 1st period - Shot by Dan Cleary.
7:27 of 1st period - Stopped by Carey Price with a rebound.
7:31 of 1st period - Shot by Mikko Koivu.
7:31 of 1st period - Deflect By Dan Cleary.
7:31 of 1st period - Stopped by Carey Price without a rebound.
7:32 of 1st period - Mikko Koivu wins face-off versus Ryan Kesler in Senators zone.
10:06 of 1st period - Shot by Claude Giroux.
10:06 of 1st period - Deflect By Jamie Benn.
10:06 of 1st period - Stopped by Niklas Backstrom with a rebound.
10:18 of 1st period - Shot by Daniel Alfredsson.
10:18 of 1st period - Stopped by Niklas Backstrom without a rebound.
10:19 of 1st period - Tom Pyatt wins face-off versus Jason Spezza in Rangers zone.
10:19 of 1st period - Lubomir Visnovsky is hit by Daniel Alfredsson and loses puck.
10:35 of 1st period - Lubomir Visnovsky is hit by Ruslan Salei and loses puck.
10:39 of 1st period - Icing by Derek Morris.
10:40 of 1st period - Jason Spezza wins face-off versus Mikko Koivu in Senators zone.
10:49 of 1st period - Shot by Jason Spezza.
10:49 of 1st period - Shot Misses the Net.
10:54 of 1st period - Icing by Ian White.
10:55 of 1st period - Ryan Kesler wins face-off versus Mikko Koivu in Rangers zone.
11:00 of 1st period - Shot by Ryan Kesler.
11:00 of 1st period - Deflect By Ales Hemsky.
11:00 of 1st period - Shot Misses the Net.
11:13 of 1st period - Mikko Koivu is hit by Dion Phaneuf and loses puck.
11:38 of 1st period - Shot by Andrei Kostitsyn.
11:38 of 1st period - Stopped by Carey Price with a rebound.
11:42 of 1st period - Shot by Nikolai Kulemin.
11:42 of 1st period - Stopped by Carey Price with a rebound.
11:44 of 1st period - Shot by Andrei Kostitsyn.
11:44 of 1st period - Shot Misses the Net.
11:46 of 1st period - Shot by Nikolai Kulemin.
11:46 of 1st period - Stopped by Carey Price without a rebound.
11:47 of 1st period - Sidney Crosby wins face-off versus Nikolai Zherdev in Senators zone.
11:54 of 1st period - Shot by Claude Giroux.
11:54 of 1st period - Deflect By Jamie Benn.
11:54 of 1st period - Goal by Jamie Benn - Rangers : 0 - Senators : 2.
11:55 of 1st period - Tom Pyatt wins face-off versus Sidney Crosby in neutral zone.
12:20 of 1st period - Shot by Jamie Benn.
12:20 of 1st period - Stopped by Niklas Backstrom with a rebound.
12:22 of 1st period - Shot by Sidney Crosby.
12:22 of 1st period - Stopped by Niklas Backstrom without a rebound.
12:23 of 1st period - Nick Foligno wins face-off versus Scott Gomez in Rangers zone.
12:23 of 1st period - Jason Spezza is hit by Francis Bouillon and loses puck.
12:36 of 1st period - Shot by Daniel Alfredsson.
12:36 of 1st period - Stopped by Niklas Backstrom without a rebound.
12:37 of 1st period - Mikko Koivu wins face-off versus Jason Spezza in Rangers zone.
13:00 of 1st period - Shot by Dan Cleary.
13:00 of 1st period - Deflect By Mike Cammalleri.
13:00 of 1st period - Shot Blocked by Derek Morris.
13:19 of 1st period - Icing by Ian White.
13:20 of 1st period - Sidney Crosby wins face-off versus Mikko Koivu in Rangers zone.
13:32 of 1st period - Minor Penalty to Ian White for Hooking.
13:33 of 1st period - Sidney Crosby wins face-off versus Scott Gomez in Rangers zone.
13:43 of 1st period - Jamie Benn is hit by Jay Bouwmeester.
14:01 of 1st period - Shot by Ales Hemsky.
14:01 of 1st period - Stopped by Niklas Backstrom without a rebound.
14:02 of 1st period - Henrik Sedin wins face-off versus Jason Spezza in Rangers zone.
14:25 of 1st period - Shot by Dion Phaneuf.
14:25 of 1st period - Shot Misses the Net.
14:27 of 1st period - Shot by Jason Spezza.
14:27 of 1st period - Shot Misses the Net.
14:29 of 1st period - Shot by Dion Phaneuf.
14:29 of 1st period - Stopped by Niklas Backstrom without a rebound.
14:30 of 1st period - Scott Gomez wins face-off versus Sidney Crosby in Rangers zone.
14:51 of 1st period - Shot by Jamie Benn.
14:51 of 1st period - Shot Blocked by Jay Bouwmeester.
14:55 of 1st period - Shot by Sidney Crosby.
14:55 of 1st period - Shot Misses the Net.
14:57 of 1st period - Shot by Jamie Benn.
14:57 of 1st period - Stopped by Niklas Backstrom without a rebound.
14:58 of 1st period - Henrik Sedin wins face-off versus Jason Spezza in Rangers zone.
15:15 of 1st period - Shot by Claude Giroux.
15:15 of 1st period - Shot Misses the Net.
15:33 of 1st period - Nick Foligno is hit by Francis Bouillon and loses puck.
15:36 of 1st period - Shot by Patrick Eaves.
15:36 of 1st period - Stopped by Niklas Backstrom without a rebound.
15:36 of 1st period - Minor Penalty to Francis Bouillon for Holding.
15:37 of 1st period - Sidney Crosby wins face-off versus Scott Gomez in Rangers zone.
15:40 of 1st period - Shot by Sidney Crosby.
15:40 of 1st period - Goal by Sidney Crosby - Rangers : 0 - Senators : 3.
15:41 of 1st period - Henrik Sedin wins face-off versus Jason Spezza in neutral zone.
15:50 of 1st period - Shot by Andrei Kostitsyn.
15:50 of 1st period - Stopped by Carey Price without a rebound.
15:51 of 1st period - Mikko Koivu wins face-off versus Peter Regin in Senators zone.
15:51 of 1st period - Mikko Koivu is hit by Dion Phaneuf.
15:54 of 1st period - Minor Penalty to Dion Phaneuf for Roughing.
15:55 of 1st period - Jesse Winchester wins face-off versus Mikko Koivu in Senators zone.
16:36 of 1st period - Shot by Dan Cleary.
16:36 of 1st period - Stopped by Carey Price with a rebound.
17:26 of 1st period - Shot by Lubomir Visnovsky.
17:26 of 1st period - Stopped by Carey Price without a rebound.
17:27 of 1st period - Henrik Sedin wins face-off versus Daniel Alfredsson in Senators zone.
18:02 of 1st period - Shot by Sidney Crosby.
18:02 of 1st period - Stopped by Niklas Backstrom without a rebound.
18:03 of 1st period - Scott Gomez wins face-off versus Ryan Kesler in Rangers zone.
18:03 of 1st period - Scott Gomez is hit by Ryan Kesler.
18:37 of 1st period - Minor Penalty to Nikolai Zherdev for Elbowing.
18:38 of 1st period - Sidney Crosby wins face-off versus Henrik Sedin in Rangers zone.
18:55 of 1st period - Shot by Ales Hemsky.
18:55 of 1st period - Stopped by Niklas Backstrom without a rebound.
18:56 of 1st period - Henrik Sedin wins face-off versus Jason Spezza in Rangers zone.
19:09 of 1st period - Shot by Dion Phaneuf.
19:09 of 1st period - Shot Blocked by Mike Weaver.
19:23 of 1st period - Shot by Dion Phaneuf.
19:23 of 1st period - Goal by Dion Phaneuf - Rangers : 0 - Senators : 4.
19:23 of 1st period - Andrew Raycroft enters game.
19:24 of 1st period - Mikko Koivu wins face-off versus Jason Spezza in neutral zone.
19:35 of 1st period - Shot by Ruslan Salei.
19:35 of 1st period - Stopped by Andrew Raycroft with a rebound.
19:40 of 1st period - Dan Cleary is hit by Derek Morris and loses puck.
19:57 of 1st period - Shot by Mikko Koivu.
19:57 of 1st period - Shot Misses the Net.
19:59 of 1st period - Shot by Jay Bouwmeester.
19:59 of 1st period - Shot Misses the Net.

Period #2

0:01 of 2nd period - Sidney Crosby wins face-off versus Henrik Sedin in neutral zone.
0:22 of 2nd period - Shot by Nikolai Kulemin.
0:22 of 2nd period - Stopped by Carey Price without a rebound.
0:23 of 2nd period - Mikko Koivu wins face-off versus Ryan Kesler in Senators zone.
0:39 of 2nd period - Icing by John-Michael Liles.
0:40 of 2nd period - Scott Gomez wins face-off versus Ryan Kesler in Senators zone.
0:43 of 2nd period - Shot by Guillaume Latendresse.
0:43 of 2nd period - Stopped by Carey Price without a rebound.
0:44 of 2nd period - Tom Pyatt wins face-off versus Jason Spezza in Senators zone.
1:00 of 2nd period - Daniel Alfredsson is hit by Lubomir Visnovsky and loses puck.
1:07 of 2nd period - Shot by Jason Spezza.
1:07 of 2nd period - Stopped by Andrew Raycroft without a rebound.
1:08 of 2nd period - Mikko Koivu wins face-off versus Sidney Crosby in Rangers zone.
1:44 of 2nd period - Shot by Nicklas Lidstrom.
1:44 of 2nd period - Stopped by Andrew Raycroft without a rebound.
1:45 of 2nd period - Ryan Kesler wins face-off versus Henrik Sedin in Rangers zone.
1:52 of 2nd period - Shot by Ales Hemsky.
1:52 of 2nd period - Stopped by Andrew Raycroft without a rebound.
1:53 of 2nd period - Scott Gomez wins face-off versus Jason Spezza in Rangers zone.
2:16 of 2nd period - Shot by Nikolai Zherdev.
2:16 of 2nd period - Stopped by Carey Price without a rebound.
2:17 of 2nd period - Henrik Sedin wins face-off versus Ryan Kesler in Senators zone.
2:30 of 2nd period - Shot by Ales Hemsky.
2:30 of 2nd period - Shot Misses the Net.
2:52 of 2nd period - Minor Penalty to Jay Bouwmeester for Holding.
2:53 of 2nd period - Sidney Crosby wins face-off versus Scott Gomez in Rangers zone.
2:57 of 2nd period - Minor Penalty to Francis Bouillon for Holding.
2:58 of 2nd period - Sidney Crosby wins face-off versus Scott Gomez in Rangers zone.
3:05 of 2nd period - Shot by Sidney Crosby.
3:05 of 2nd period - Shot Misses the Net.
3:07 of 2nd period - Shot by Nicklas Lidstrom.
3:07 of 2nd period - Shot Misses the Net.
3:11 of 2nd period - Shot by Sidney Crosby.
3:11 of 2nd period - Stopped by Andrew Raycroft with a rebound.
3:13 of 2nd period - Shot by Ales Hemsky.
3:13 of 2nd period - Shot Misses the Net.
3:15 of 2nd period - Shot by Sidney Crosby.
3:15 of 2nd period - Stopped by Andrew Raycroft without a rebound.
3:16 of 2nd period - Henrik Sedin wins face-off versus Nick Foligno in Rangers zone.
3:16 of 2nd period - Henrik Sedin is hit by Claude Giroux.
4:23 of 2nd period - Shot by Sidney Crosby.
4:23 of 2nd period - Goal by Sidney Crosby - Rangers : 0 - Senators : 5.
4:24 of 2nd period - Scott Gomez wins face-off versus Ales Hemsky in neutral zone.
4:27 of 2nd period - Jan Hejda is hit by Tom Pyatt and loses puck.
5:20 of 2nd period - Shot by Jason Spezza.
5:20 of 2nd period - Stopped by Andrew Raycroft with a rebound.
5:22 of 2nd period - Shot by Jason Spezza.
5:22 of 2nd period - Shot Misses the Net.
5:26 of 2nd period - Shot by Patrick Eaves.
5:26 of 2nd period - Stopped by Andrew Raycroft without a rebound.
5:27 of 2nd period - Claude Giroux wins face-off versus Tom Pyatt in Rangers zone.
5:30 of 2nd period - Shot by Ryan Kesler.
5:30 of 2nd period - Shot Misses the Net.
5:34 of 2nd period - Shot by Ryan Kesler.
5:34 of 2nd period - Goal by Ryan Kesler - Rangers : 0 - Senators : 6.
5:35 of 2nd period - Jason Spezza wins face-off versus Mikko Koivu in neutral zone.
5:49 of 2nd period - Icing by Mike Weaver.
5:50 of 2nd period - Ryan Kesler wins face-off versus Mikko Koivu in Rangers zone.
6:07 of 2nd period - Shot by Ales Hemsky.
6:07 of 2nd period - Shot Misses the Net.
6:13 of 2nd period - Shot by Ryan Kesler.
6:13 of 2nd period - Shot Blocked by Mike Weaver.
6:41 of 2nd period - Shot by Sidney Crosby.
6:41 of 2nd period - Stopped by Andrew Raycroft without a rebound.
6:42 of 2nd period - Andrei Kostitsyn wins face-off versus Jason Spezza in Rangers zone.
7:20 of 2nd period - Henrik Sedin is hit by Nick Foligno and loses puck.
7:40 of 2nd period - Shot by Sidney Crosby.
7:40 of 2nd period - Stopped by Andrew Raycroft without a rebound.
7:41 of 2nd period - Scott Gomez wins face-off versus Sidney Crosby in Rangers zone.
7:50 of 2nd period - Shot by Scott Gomez.
7:50 of 2nd period - Stopped by Carey Price with a rebound.
8:55 of 2nd period - Minor Penalty to Francis Bouillon for Interference.
8:56 of 2nd period - Claude Giroux wins face-off versus Henrik Sedin in Rangers zone.
9:31 of 2nd period - Mike Weaver is hit by Nick Foligno and loses puck.
9:59 of 2nd period - Icing by Nicklas Lidstrom.
10:00 of 2nd period - Sidney Crosby wins face-off versus Scott Gomez in Senators zone.
11:05 of 2nd period - Shot by Mikko Koivu.
11:05 of 2nd period - Shot Misses the Net.
11:09 of 2nd period - Shot by Dan Cleary.
11:09 of 2nd period - Stopped by Carey Price without a rebound.
11:10 of 2nd period - Sidney Crosby wins face-off versus Henrik Sedin in Senators zone.
11:31 of 2nd period - Shot by Sidney Crosby.
11:31 of 2nd period - Shot Blocked by Lubomir Visnovsky.
11:46 of 2nd period - Icing by Jay Bouwmeester.
11:47 of 2nd period - Henrik Sedin wins face-off versus Jason Spezza in Rangers zone.
12:27 of 2nd period - Off-side.
12:28 of 2nd period - Ryan Kesler wins face-off versus Mikko Koivu in neutral zone.
13:01 of 2nd period - Shot by Ryan Kesler.
13:01 of 2nd period - Stopped by Andrew Raycroft with a rebound.
13:05 of 2nd period - Shot by Ales Hemsky.
13:05 of 2nd period - Shot Misses the Net.
14:40 of 2nd period - Minor Penalty to Derek Morris for Tripping.
14:41 of 2nd period - Ryan Kesler wins face-off versus Mikko Koivu in Senators zone.
14:53 of 2nd period - Icing by Dan Cleary.
14:54 of 2nd period - Daniel Alfredsson wins face-off versus Mikko Koivu in Rangers zone.
15:41 of 2nd period - Shot by Nikolai Kulemin.
15:41 of 2nd period - Shot Misses the Net.
16:32 of 2nd period - Icing by Mike Cammalleri.
16:33 of 2nd period - Henrik Sedin wins face-off versus Jesse Winchester in Rangers zone.
16:41 of 2nd period - Minor Penalty to Guillaume Latendresse for Tripping.
16:42 of 2nd period - Scott Gomez wins face-off versus Sidney Crosby in Rangers zone.
16:42 of 2nd period - Scott Gomez is hit by Jamie Benn.
18:03 of 2nd period - Icing by Claude Giroux.
18:04 of 2nd period - Henrik Sedin wins face-off versus Claude Giroux in Senators zone.
18:41 of 2nd period - Shot by Jamie Benn.
18:41 of 2nd period - Shot Misses the Net.
18:46 of 2nd period - Icing by Dan Cleary.
18:47 of 2nd period - Jason Spezza wins face-off versus Mikko Koivu in Rangers zone.
18:51 of 2nd period - Icing by Mike Weaver.
18:52 of 2nd period - Jason Spezza wins face-off versus Mikko Koivu in Rangers zone.
18:59 of 2nd period - Shot by Jason Spezza.
18:59 of 2nd period - Stopped by Andrew Raycroft without a rebound.
19:00 of 2nd period - Henrik Sedin wins face-off versus Ryan Kesler in Rangers zone.
19:00 of 2nd period - Henrik Sedin is hit by Ales Hemsky.
19:11 of 2nd period - Icing by Ryan Kesler.
19:12 of 2nd period - Mike Cammalleri wins face-off versus Ryan Kesler in Senators zone.
19:13 of 2nd period - Shot by Dan Cleary.
19:13 of 2nd period - Shot Misses the Net.
19:43 of 2nd period - Icing by Ryan Kesler.
19:44 of 2nd period - Henrik Sedin wins face-off versus Ryan Kesler in Senators zone.
19:46 of 2nd period - Minor Penalty to Dion Phaneuf for Roughing.
19:47 of 2nd period - Jesse Winchester wins face-off versus Henrik Sedin in Senators zone.

Period #3

0:01 of 3rd period - Henrik Sedin wins face-off versus Ryan Kesler in neutral zone.
0:04 of 3rd period - Shot by Lubomir Visnovsky.
0:04 of 3rd period - Stopped by Carey Price without a rebound.
0:05 of 3rd period - Mark Recchi wins face-off versus Jesse Winchester in Senators zone.
0:42 of 3rd period - Shot by Dan Cleary.
0:42 of 3rd period - Shot Misses the Net.
0:44 of 3rd period - Shot by Mark Recchi.
0:44 of 3rd period - Shot Misses the Net.
0:46 of 3rd period - Shot by Ian White.
0:46 of 3rd period - Shot Misses the Net.
0:48 of 3rd period - Shot by Jay Bouwmeester.
0:48 of 3rd period - Shot Misses the Net.
1:41 of 3rd period - Patrick Eaves is hit by Nikolai Kulemin and loses puck.
2:02 of 3rd period - Minor Penalty to Keith Ballard for Roughing.
2:03 of 3rd period - Scott Gomez wins face-off versus Jason Spezza in Rangers zone.
2:03 of 3rd period - Scott Gomez is hit by Claude Giroux.
2:25 of 3rd period - Shot by John-Michael Liles.
2:25 of 3rd period - Stopped by Andrew Raycroft without a rebound.
2:26 of 3rd period - Henrik Sedin wins face-off versus Sidney Crosby in Rangers zone.
2:26 of 3rd period - Henrik Sedin is hit by Jamie Benn.
3:02 of 3rd period - Icing by Nicklas Lidstrom.
3:03 of 3rd period - Sidney Crosby wins face-off versus Scott Gomez in Senators zone.
3:09 of 3rd period - Nicklas Lidstrom is hit by Jay Bouwmeester.
3:43 of 3rd period - Shot by Claude Giroux.
3:43 of 3rd period - Deflect By Nick Foligno.
3:43 of 3rd period - Stopped by Andrew Raycroft without a rebound.
3:44 of 3rd period - Nick Foligno wins face-off versus Henrik Sedin in Rangers zone.
3:49 of 3rd period - Shot by Jason Spezza.
3:49 of 3rd period - Goal by Jason Spezza - Rangers : 0 - Senators : 7.
3:50 of 3rd period - Jason Spezza wins face-off versus Mike Cammalleri in neutral zone.
3:54 of 3rd period - Nikita Filatov is hit by Mike Weaver and loses puck.
4:47 of 3rd period - Mike Weaver is hit by Ryan Kesler and loses puck.
5:10 of 3rd period - Shot by Ales Hemsky.
5:10 of 3rd period - Stopped by Andrew Raycroft without a rebound.
5:11 of 3rd period - Jamie Benn wins face-off versus Henrik Sedin in Rangers zone.
5:47 of 3rd period - Off-side.
5:48 of 3rd period - Jason Spezza wins face-off versus Scott Gomez in neutral zone.
5:48 of 3rd period - Jason Spezza is hit by Guillaume Latendresse.
6:21 of 3rd period - Scott Gomez is hit by Ruslan Salei and loses puck.
6:38 of 3rd period - Shot by Jay Bouwmeester.
6:38 of 3rd period - Shot Misses the Net.
6:42 of 3rd period - Shot by Mark Recchi.
6:42 of 3rd period - Deflect By Ryan Jones.
6:42 of 3rd period - Stopped by Carey Price without a rebound.
6:43 of 3rd period - Ryan Kesler wins face-off versus Henrik Sedin in Senators zone.
7:03 of 3rd period - Minor Penalty to Ryan Kesler for Slashing.
7:04 of 3rd period - Mikko Koivu wins face-off versus Daniel Alfredsson in Senators zone.
7:21 of 3rd period - Shot by Ian White.
7:21 of 3rd period - Deflect By Dan Cleary.
7:21 of 3rd period - Shot Misses the Net.
7:23 of 3rd period - Shot by Ian White.
7:23 of 3rd period - Stopped by Carey Price without a rebound.
7:24 of 3rd period - Sidney Crosby wins face-off versus Mike Cammalleri in Senators zone.
7:39 of 3rd period - Shot by Francis Bouillon.
7:39 of 3rd period - Shot Misses the Net.
7:51 of 3rd period - Dion Phaneuf is hit by Mike Cammalleri and loses puck.
8:16 of 3rd period - Shot by Mark Recchi.
8:16 of 3rd period - Shot Misses the Net.
8:33 of 3rd period - Icing by Mark Recchi.
8:34 of 3rd period - Sidney Crosby wins face-off versus Mikko Koivu in Rangers zone.
8:48 of 3rd period - Off-side.
8:49 of 3rd period - Henrik Sedin wins face-off versus Jesse Winchester in neutral zone.
9:18 of 3rd period - Icing by Ryan Kesler.
9:19 of 3rd period - Ryan Kesler wins face-off versus Tom Pyatt in Senators zone.
9:32 of 3rd period - Shot by Ryan Jones.
9:32 of 3rd period - Shot Misses the Net.
10:11 of 3rd period - Icing by Keith Ballard.
10:12 of 3rd period - Jason Spezza wins face-off versus Scott Gomez in Rangers zone.
10:45 of 3rd period - Icing by Jason Spezza.
10:46 of 3rd period - Jason Spezza wins face-off versus Mikko Koivu in Senators zone.
11:47 of 3rd period - Minor Penalty to Mike Weaver for Hooking.
11:48 of 3rd period - Scott Gomez wins face-off versus Sidney Crosby in Rangers zone.
12:04 of 3rd period - Sidney Crosby is hit by Mark Recchi and loses puck.
12:14 of 3rd period - Minor Penalty to Francis Bouillon for Holding.
12:15 of 3rd period - Sidney Crosby wins face-off versus Henrik Sedin in Rangers zone.
13:10 of 3rd period - Shot by Claude Giroux.
13:10 of 3rd period - Deflect By Jason Spezza.
13:10 of 3rd period - Stopped by Andrew Raycroft without a rebound.
13:11 of 3rd period - Henrik Sedin wins face-off versus Claude Giroux in Rangers zone.
14:18 of 3rd period - Shot by Ryan Kesler.
14:18 of 3rd period - Stopped by Andrew Raycroft with a rebound.
14:30 of 3rd period - Shot by Mike Cammalleri.
14:30 of 3rd period - Shot Misses the Net.
16:08 of 3rd period - Off-side.
16:09 of 3rd period - Jason Spezza wins face-off versus Henrik Sedin in neutral zone.
16:12 of 3rd period - Shot by Dion Phaneuf.
16:12 of 3rd period - Shot Misses the Net.
16:26 of 3rd period - Shot by Henrik Sedin.
16:26 of 3rd period - Stopped by Carey Price without a rebound.
16:27 of 3rd period - Jason Spezza wins face-off versus Tom Pyatt in Senators zone.
16:46 of 3rd period - Shot by Lubomir Visnovsky.
16:46 of 3rd period - Stopped by Carey Price with a rebound.
17:31 of 3rd period - Minor Penalty to Scott Gomez for Hooking.
17:32 of 3rd period - Henrik Sedin wins face-off versus Jamie Benn in Rangers zone.
17:32 of 3rd period - Henrik Sedin is hit by Jamie Benn.
17:45 of 3rd period - Icing by Ales Hemsky.
17:46 of 3rd period - Sidney Crosby wins face-off versus Mikko Koivu in Senators zone.
17:46 of 3rd period - Sidney Crosby is hit by Henrik Sedin.
18:39 of 3rd period - Shot by John-Michael Liles.
18:39 of 3rd period - Shot Blocked by Mike Weaver.
18:41 of 3rd period - Shot by Jason Spezza.
18:41 of 3rd period - Stopped by Andrew Raycroft without a rebound.
18:42 of 3rd period - Claude Giroux wins face-off versus Dan Cleary in Rangers zone.
18:43 of 3rd period - Shot by John-Michael Liles.
18:43 of 3rd period - Stopped by Andrew Raycroft without a rebound.
18:44 of 3rd period - Jason Spezza wins face-off versus Dan Cleary in Rangers zone.
19:05 of 3rd period - Shot by Claude Giroux.
19:05 of 3rd period - Deflect By Jason Spezza.
19:05 of 3rd period - Shot Blocked by Tom Pyatt.
19:27 of 3rd period - Shot by Nicklas Lidstrom.
19:27 of 3rd period - Stopped by Andrew Raycroft without a rebound.
19:28 of 3rd period - Henrik Sedin wins face-off versus Sidney Crosby in Rangers zone.
19:59 of 3rd period - Shot by Mike Cammalleri.
19:59 of 3rd period - Shot Misses the Net.


Output by the SimonT Hockey Simulator (STHS) for Stephane Roy -- Original Page W3C XHTML 1.0 Valid